 Dungeon Crawl Stone Soup version 0.29-a0-1009-g60c99734e7 (webtiles) character file.

Game seed: 14216845803784975711

145 ragingrage the Chopper (level 5, 0/24 HPs)
             Began as a Vine Stalker Chaos Knight on Aug 8, 2022.
             Was a Plaything of Xom.
             Slain by Crazy Yiuf
             ... wielding a +3 quarterstaff of chaos
              (3 damage)
             ... on level 3 of the Dungeon.
             The game lasted 00:02:55 (2383 turns).

ragingrage the Chopper (Vine Stalker Chaos Knight)  Turns: 2383, Time: 00:02:56

Health: 0/24       AC:  7    Str: 15    XL:     5   Next: 27%
Magic:  0/6        EV: 16    Int: 12    God:    Xom [....*.]
Gold:   182        SH:  0    Dex: 11    Spells: 4/4 levels left

rFire   . . .      SeeInvis .   a - +0 hand axe (chaos)
rCold   . . .      Faith    .   (no shield)
rNeg    . . .      Spirit   +   b - +2 leather armour
rPois   .          Reflect  .   (no helmet)
rElec   .          Harm     .   p - +0 cloak
rCorr   .          Rampage  .   q - +0 pair of gloves
Will    .....                   (no boots)
Stlth   +.........              (no amulet)
HPRegen 0.88/turn               (no ring)
MPRegen 0.10/turn               (no ring)

@: agile
A: fangs 2, regeneration 1, magic shield, antimagic bite, no potion heal 2,
clumsy 1, frail 1, weak 1, wild magic 1
a: Renounce Religion


You were on level 3 of the Dungeon.
You worshipped Xom.
You were a beloved toy of Xom.
You visited 1 branch of the dungeon, and saw 3 of its levels.

You collected 182 gold pieces.

Inventory:

Hand Weapons
 a - a +0 hand axe of chaos (weapon)
Missiles
 i - 5 poisoned darts
 m - 4 javelins
Armour
 b - a +2 leather armour (worn)
 p - a +0 cloak (worn)
 q - a +0 pair of gloves (worn)
Jewellery
 n - a +6 ring of strength
Wands
 l - a wand of polymorph (3)
Scrolls
 e - 4 scrolls of identify {unknown}
 g - 4 scrolls of teleportation {unknown}
 h - a scroll of blinking {unknown}
 o - a scroll of fear {unknown}
 t - a scroll of magic mapping {unknown}
Potions
 d - a potion of mutation {unknown}
 f - 3 potions of might {unknown}
 j - a potion of berserk rage {unknown}
 k - a potion of lignification {unknown}
 r - a potion of brilliance {unknown}
 s - a potion of haste {unknown}
Miscellaneous
 c - a piece from Xom's chessboard (10/15) (quivered)


   Skills:
 - Level 2.6 Fighting
 * Level 5.3 Axes
 - Level 1.5 Armour
 - Level 0.7 Dodging


You had 4 spell levels left.
You didn't know any spells.
Your spell library contained the following spells:

 Spells                   Type           Power      Damage    Failure   Level
 Sandblast                Erth           0%         2d4       47%         1
 Passwall                 Tmut/Erth      0%         N/A       61%         2
 Stone Arrow              Conj/Erth      0%         3d7       83%         3


Dungeon Overview and Level Annotations

Branches:
Dungeon (3/15)

Altars:
Wu Jian

Annotations:
D:3 Crazy Yiuf, Sigmund


Innate Abilities, Weirdness & Mutations

You have extremely sharp teeth.
Your natural rate of healing is unusually fast.
When hurt, damage is shared between your health and your magic reserves.
Your bite disrupts and absorbs the magic of your enemies.
Potions cannot restore your health.
You are clumsy. (Dex -2)
You are frail. (-10% HP)
You are weak. (Str -2)
Your spells are a little harder to cast, but a little more powerful.


Message History

No target in view!
No target in view!
No target in view!
No target in view!
No target in view!
No target in view!
No target in view!
No target in view!
No target in view!
t - a scroll labelled HAPO COIDUFE You now have 182 gold pieces (gained 8).
e - 4 scrolls labelled HASHREAROCO (gained 1) Partly explored, can't reach some places.
Partly explored, can't reach some places.
Partly explored, can't reach some places.
Really stalk into that cloud of seething chaos?
You are engulfed in seething chaos.
You feel agile all of a sudden.
You are engulfed in seething chaos.
You fade into invisibility!
You flicker for a moment.
Found a hammer.
Found a runed translucent door.
Crazy Yiuf shouts!
You open the door.
You flicker back into view.
You barely miss Crazy Yiuf. You bite Crazy Yiuf. You drain his power.
Crazy Yiuf is lightly wounded.
Crazy Yiuf hits you with a +3 quarterstaff of chaos!
Crazy Yiuf burns you.
You hit Crazy Yiuf. You freeze Crazy Yiuf.
Crazy Yiuf is severely wounded.
Crazy Yiuf screams, "Proton sanguine spinner!"
Crazy Yiuf hits you with a +3 quarterstaff of chaos!
Crazy Yiuf draws strength from your wounds!
Really stalk into that cloud of seething chaos?
Crazy Yiuf attacks as you move away!
Crazy Yiuf hits you with a +3 quarterstaff of chaos!
* * * LOW HITPOINT WARNING * * *
Crazy Yiuf freezes you.
You die...

#.......######....####
#.........# #....#
##....#....# ♣....♣
.#....#....# ♣♣...♣
......#....# ♣♣.♣♣
...#..#..#.# ♣♣.♣
.........### ♣.♣♣
..#.##....# ♣♣§♣
##.#.....#.# ♣@♣♣
...#.......# #g#
.#.........# ...
...........# #...#
......##...# #)..#
...........# #####
.#+#...#...#
.........>.#
.#...†...#.#


You could see Crazy Yiuf.

Vanquished Creatures
  2 hounds
  2 adders
  A worm (D:2)
  5 dart slugs
  5 endoplasms
  3 giant cockroaches
  8 goblins
  3 hobgoblins
  A jackal (D:2)
  6 kobolds
  A quokka (D:1)
  3 ball pythons
  3 bats
  2 frilled lizards
  4 rats
49 creatures vanquished.

Vanquished Creatures (collateral kills)
  An endoplasm (D:2)
  A giant cockroach (D:2)
2 creatures vanquished.

Vanquished Creatures (others)
  A plant (D:3)
1 creature vanquished.

Grand Total: 52 creatures vanquished

Notes
Turn   | Place    | Note
-------+----------+-------------------------------------------
     0 | D:1      | ragingrage the Vine Stalker Chaos Knight began the quest
                  | for the Orb.
     0 | D:1      | Reached XP level 1. HP: 11/11 MP: 2/2
    45 | D:1      | XOM: silly message
    48 | D:1      | Reached skill level 3 in Axes
    56 | D:1      | Reached XP level 2. HP: 14/16 MP: 3/3
   427 | D:1      | XOM: 2-stop teleportation journey
   523 | D:1      | Reached skill level 4 in Axes
   523 | D:1      | Reached XP level 3. HP: 18/19 MP: 4/4
   653 | D:1      | Found a faded altar of an unknown god.
  1018 | D:1      | XOM: summons 2 hostile demons
  1046 | D:2      | Found an ornate altar of the Wu Jian Council.
  1174 | D:2      | XOM: noise
  1180 | D:2      | XOM: fog
  1186 | D:2      | Gained mutation: Your natural rate of healing is unusually
                  | fast. [Vine Stalker growth]
  1186 | D:2      | Reached XP level 4. HP: 17/23 MP: 3/5
  1443 | D:2      | XOM: god gift: worn glass wand {god gift}
  1480 | D:2      | Reached skill level 5 in Axes
  1492 | D:2      | XOM: god gift: scroll labelled ZYFAPIDUZU {god gift}
  1525 | D:2      | XOM: cloud trail
  1605 | D:2      | Reached XP level 5. HP: 27/27 MP: 6/6
  2139 | D:2      | XOM: give mutations
  2139 | D:2      | Gained mutation: Your spells are a little harder to cast,
                  | but a little more powerful. [Xom's mischief]
  2139 | D:2      | Gained mutation: You are weak. (Str -2) [Xom's mischief]
  2139 | D:2      | Gained mutation: You are frail. (-10% HP) [Xom's mischief]
  2139 | D:2      | Gained mutation: You are clumsy. (Dex -2) [Xom's mischief]
  2198 | D:3      | Noticed Sigmund
  2314 | D:2      | XOM: cloud trail
  2376 | D:3      | Found a runed translucent door.
  2377 | D:3      | Noticed Crazy Yiuf
  2383 | D:3      | Slain by Crazy Yiuf

Illustrated notes

Levels and vault maps discovered:
D:1:      amcnicky_arrival_abandoned_market, layout_basic,
          basic_ecumenical_altar
D:2:      minmay_inner_zag, layout_basic, basic_altar
D:3:      layout_basic, nicolae_overflow_hidden_temple,
          trog_three_pillars_becter, serial_bayou, serial_bayou_lagoon_a,
          serial_bayou_lake_a, serial_bayou_pond_e, serial_bayou_ford_a,
          uniq_crazy_yiuf_cottage, uniq_sigmund

Skill      XL: |  1  2  3  4 |
---------------+-------------+-----
Axes           | 3 4 5 |  5.3
Fighting       | |  2.6
Armour         | |  1.5
Dodging        | |  0.7

Action                   |  1- 3 |  4- 6 || total
-------------------------+-------+-------++-------
Melee: Hand axe          |    46 |    69 ||   115
       Bite              |     7 |    16 ||    23
Evoke: Piece from Xom's  |       |     5 ||     5
  Use: Scroll            |       |     1 ||     1
 Stab: Petrifying        |       |     2 ||     2
       Sleeping          |       |     1 ||     1
       Distracted        |       |     1 ||     1
Armor: Leather armour    |    21 |    16 ||    37
Dodge: Dodged            |    22 |    39 ||    61

Table legend: (Time is in decaauts)
 A = Elapsed time spent in this place.
 B = Non-inter-level travel time spent in this place.
 C = Inter-level travel time spent in this place.
 D = Time resting spent in this place.
 E = Time spent auto-exploring this place.
 F = Levels seen in this place.
 G = Mean time per level.
                   A        B        C        D        E       F      G
               +--------+--------+--------+--------+--------+-----+--------+
         Total |   2392 |   2254 |    138 |      0 |   1841 |   3 |  797.3 |
       Dungeon |   2392 |   2254 |    138 |      0 |   1841 |   3 |  797.3 |
               +--------+--------+--------+--------+--------+-----+--------+

Top non-repeatable levels by time:
     D:2: 1227 daAuts
     D:1: 1049 daAuts
     D:3: 115 daAuts
